Map: 뉴 리퍼그넌시 - 래더

Players

Ragnarok (SHIN)

  • Race: Zerg Zerg
  • Spawn Location: 7:00

INnoVation - Winner!

  • Race: Terran Terran
  • Spawn Location: 1:00

Event: IEM Season 13: Katowice (2019)

VOD

Have the link to the VOD?

Description

Time

  • Played on: March 1, 2019, 7:54 a.m.
  • Length: 12:20

All games in this series

Show
View Real Time Build Order
Export as new Build Order

Ragnarok Zerg 

Build Orders: Hatch First, Muta Ling Bane 

Get SALT Encoding   

  12  0:00  Drone  
  13  0:12  Overlord  
  13  0:17  Drone  
  14  0:31  Drone x2  
  16  0:48  Hatchery  
  15  0:51  Drone  
  15  0:55  Drone  
  17  0:59  Drone  
  18  1:10  Extractor  
  17  1:14  Spawning Pool  
  17  1:17  Drone  
  17  1:20  Drone  
  18  1:29  Drone  
  19  1:40  Drone  
  20  1:58  Drone  
  20  2:00  Queen  
  20  2:01  Queen, Zergling x4  
  27  2:18  Drone  
  27  2:21  Overlord  
  27  2:22  Extractor, Drone  
  28  2:32  Metabolic Boost  
  28  2:43  Drone x3  
  32  2:44  Drone x2  
  32  2:45  Hatchery  
  33  2:53  Queen  
  35  2:59  Overlord  
  35  3:01  Drone  
  36  3:13  Overlord  
  36  3:18  Drone x2  
  36  3:19  Drone x3  
  41  3:25  Extractor, Roach Warren  
  41  3:26  Drone  
  40  3:27  Drone  
  41  3:35  Queen  
  41  3:41  Drone x4  
  47  3:44  Drone x2  
  47  3:48  Zergling x4  
  51  3:52  Overlord  
  51  3:56  Overlord  
  51  4:10  Roach x4  
  61  4:17  Roach x4  
  61  4:21  Queen  
  69  4:32  Lair  
  69  4:34  Drone  
  69  4:35  Drone x3, Spore Crawler  
  69  4:38  Spore Crawler  
  71  4:42  Overlord  
  71  4:47  Zergling x6  
  71  4:51  Overlord  
  74  4:58  Drone x3  
  74  5:02  Drone x4  
  74  5:05  Spore Crawler  
  74  5:06  Drone  
  77  5:08  Drone  
  77  5:12  Drone x2  
  78  5:14  Drone  
  78  5:15  Drone  
  78  5:19  Drone x2  
  79  5:21  Drone  
  79  5:23  Drone  
  79  5:24  Drone  
  79  5:26  Drone  
  79  5:28  Drone  
  82  5:29  Drone  
  82  5:32  Overseer  
  82  5:36  Drone x3  
  82  5:39  Extractor x2  
  82  5:42  Drone x3  
  86  5:43  Overlord  
  86  5:46  Overlord  
  86  5:48  Zergling x4  
  88  5:56  Overlord  
  88  5:57  Ravager  
  88  5:58  Ravager  
  88  6:04  Ravager, Zergling x6  
  91  6:05  Zergling x6  
  91  6:08  Evolution Chamber x2  
  91  6:10  Drone  
  91  6:11  Drone x3  
  99  6:12  Drone x2  
  99  6:13  Extractor, Drone  
  101  6:25  Queen, Zergling x8  
  94  6:29  Zergling x2  
  94  6:32  Overseer  
  85  6:41  Roach x2, Zergling x18  
  85  6:45  Drone  
  91  6:47  Queen  
  91  6:48  Queen  
  91  6:54  Drone x2  
  91  6:58  Drone x2  
  91  6:59  Drone  
  96  7:04  Zerg Ground Armor Level 1, Zerg Melee Weapons Level 1  
  96  7:05  Baneling Nest  
  94  7:11  Drone x3  
  94  7:13  Extractor  
  96  7:21  Overseer  
  96  7:22  Hatchery  
  94  7:26  Spire, Drone x3  
  96  7:32  Overlord  
  96  7:34  Zergling x4  
  98  7:40  Zergling x2  
  99  7:44  Zergling x2  
  99  7:45  Zergling x6  
  99  7:49  Centrifical Hooks  
  103  7:52  Overlord, Zergling x2  
  103  7:57  Baneling x10  
  103  7:58  Ravager x2  
  106  8:00  Zergling x10  
  106  8:01  Zergling x4  
  113  8:19  Overlord x2  
  113  8:27  Drone x5  
  118  8:37  Mutalisk x6  
  130  8:43  Mutalisk x5  
  130  8:44  Mutalisk  
  142  8:49  Zergling x4  
  142  8:50  Overlord  
  142  8:51  Overlord x4  
  142  8:52  Overlord  
  144  9:06  Zerg Melee Weapons Level 2  
  144  9:07  Zerg Ground Armor Level 2  
  144  9:09  Overlord  
  144  9:11  Drone x5  
  148  9:18  Mutalisk  
  148  9:21  Drone x2  
  148  9:22  Drone x4  
  156  9:28  Mutalisk x2  
  156  9:30  Zergling x10  
  161  9:40  Drone x2  
  161  9:42  Zergling x4, Infestation Pit  
  161  9:45  Baneling x8  
  164  9:47  Overseer  
  164  9:51  Zergling x6  
  167  9:56  Zergling x2  
  167  9:57  Zergling x10  
  173  10:02  Zergling x2  
  173  10:03  Zergling x2  
  175  10:07  Zergling x4  
  175  10:13  Drone x5  
  174  10:14  Zergling x6  
  174  10:17  Baneling x12  
  174  10:18  Baneling x8  
  174  10:21  Zergling x2, Hatchery  
  176  10:25  Queen, Spine Crawler, Spore Crawler  
  176  10:28  Zergling x12  
  183  10:29  Baneling  
  183  10:30  Baneling x2  
  177  10:37  Zergling x2  
  177  10:38  Zergling x14  
  185  10:44  Hive  
  185  10:49  Drone x3  
  188  10:51  Zergling x10  
  188  10:55  Zergling x2  
  190  10:58  Baneling x5  
  190  10:59  Baneling x2  
  190  11:00  Baneling x5  
  190  11:02  Zergling x6  
  191  11:08  Zergling x4  
  191  11:10  Baneling x9  
  191  11:11  Baneling x4  
  193  11:16  Zergling x10  
  193  11:17  Zergling x10  
  181  11:29  Baneling x12  
  181  11:31  Zergling x2  
  181  11:32  Zergling x12  
  146  11:40  Zergling x2  
  146  11:41  Zergling x2  
  128  11:48  Mutalisk x3  
  128  11:49  Zergling x8  
  128  11:50  Zergling x2  
  128  11:53  Zergling x4  
  124  11:58  Zergling x2  
  124  12:00  Zergling x4  
Show
View Real Time Build Order
Export as new Build Order

INnoVation Terran - Winner!

Build Orders: Gas First Reaper Expand, Banshee Rush 

Get SALT Encoding   

  12  0:00  SCV  
  13  0:12  SCV  
  14  0:17  Supply Depot  
  14  0:24  SCV  
  14  0:28  Refinery  
  15  0:38  SCV  
  16  0:44  Barracks  
  16  0:50  SCV  
  17  1:02  SCV  
  18  1:15  SCV  
  19  1:31  Reaper, Orbital Command  
  20  1:43  Command Center  
  20  1:53  Factory  
  20  1:57  SCV  
  21  2:04  Barracks Reactor  
  21  2:09  SCV  
  21  2:14  Supply Depot  
  22  2:15  Refinery  
  22  2:21  SCV  
  23  2:35  SCV  
  24  2:43  Starport, Marine x2  
  26  2:47  SCV, Factory Tech Lab  
  27  2:56  Orbital Command  
  27  3:00  SCV  
  27  3:04  Marine x2  
  30  3:12  SCV  
  31  3:23  SCV  
  31  3:24  SCV, Cloaking Field  
  31  3:25  Banshee  
  36  3:27  Marine x2  
  36  3:30  Factory Tech Lab  
  38  3:35  SCV  
  38  3:36  SCV  
  38  3:38  Supply Depot  
  40  3:45  Marine x2  
  40  3:47  SCV  
  40  3:48  SCV  
  44  3:56  Supply Depot  
  44  4:00  Siege Tank, SCV x2  
  49  4:03  Marine x2  
  49  4:08  Banshee  
  54  4:12  Supply Depot  
  54  4:17  SCV x2  
  54  4:20  Marine  
  54  4:21  Marine  
  58  4:30  SCV x2  
  59  4:32  Siege Tank  
  59  4:35  Supply Depot  
  62  4:38  Marine x2  
  62  4:42  SCV x2  
  66  4:49  Command Center  
  66  4:54  Banshee  
  66  4:56  Marine x2  
  72  5:00  SCV x2  
  73  5:09  Supply Depot  
  73  5:12  SCV x2  
  75  5:14  Siege Tank  
  75  5:20  Refinery x2  
  78  5:31  SCV x2  
  78  5:32  Barracks  
  78  5:33  Barracks, Supply Depot  
  78  5:34  Supply Depot  
  80  5:43  SCV x2  
  80  5:44  Starport Reactor  
  80  5:49  Engineering Bay  
  82  5:50  Engineering Bay  
  82  5:55  SCV x2  
  84  6:00  Marine  
  84  6:01  Stimpack  
  84  6:02  Orbital Command  
  85  6:05  Siege Tank  
  85  6:07  SCV x2  
  90  6:17  Terran Infantry Armor Level 1, Terran Infantry Weapons Level 1  
  90  6:18  Marine  
  90  6:24  SCV x2  
  89  6:31  Barracks, Barracks Reactor  
  87  6:33  Barracks  
  81  6:43  Siege Tank, SCV x2  
  81  6:46  Marine  
  82  6:47  Marine x2  
  82  6:51  Orbital Command  
  81  6:57  SCV x2  
  81  6:58  Orbital Command  
  81  7:01  Medivac x2  
  83  7:04  Marine  
  83  7:05  Marine x2  
  82  7:09  Marine x2  
  82  7:11  SCV x2  
  83  7:17  Armory  
  83  7:19  Barracks Reactor  
  83  7:21  Barracks Reactor  
  83  7:22  Marine x2  
  84  7:23  SCV x2, Marine  
  84  7:28  SCV  
  89  7:31  Medivac  
  89  7:35  Refinery, SCV x2, Marine  
  89  7:36  Marine  
  98  7:37  Refinery  
  98  7:39  Factory  
  98  7:41  SCV  
  98  7:42  Factory Reactor  
  96  7:47  SCV, Marine x3  
  96  7:48  SCV  
  96  7:50  Supply Depot  
  101  7:52  Supply Depot  
  101  7:53  Marine  
  101  7:56  SCV  
  101  7:57  Medivac  
  105  7:59  SCV  
  105  8:00  SCV, Marine x5  
  105  8:05  Marine x3  
  112  8:06  Supply Depot  
  115  8:13  Terran Infantry Weapons Level 2, Terran Infantry Armor Level 2, SCV x3  
  115  8:15  Supply Depot  
  115  8:19  Supply Depot  
  120  8:20  Widow Mine x2, Marine x5  
  127  8:27  Combat Shield  
  127  8:30  Command Center  
  127  8:31  Terran Vehicle And Ship Armor Level 1  
  127  8:39  Marine x8  
  134  8:42  Widow Mine x2  
  134  8:43  Drilling Claws  
  138  8:51  Widow Mine, Medivac x2  
  144  8:58  Marine x4  
  144  8:59  Supply Depot  
  144  9:00  Supply Depot  
  148  9:03  Marine, Supply Depot  
  149  9:16  Thor  
  151  9:17  Widow Mine x2  
  151  9:19  Missile Turret  
  151  9:23  Missile Turret x2  
  143  9:31  Marine  
  143  9:32  Marine x5  
  143  9:36  Medivac x2  
  150  9:42  Missile Turret  
  150  9:46  SCV x3  
  150  9:51  Barracks x3  
  157  9:53  Widow Mine x2  
  156  10:01  SCV x3  
  156  10:06  Medivac x2  
  163  10:10  Marauder, Marine x8  
  167  10:15  Planetary Fortress  
  163  10:22  Widow Mine x3  
  163  10:28  Missile Turret  
  168  10:36  Marine  
  168  10:37  Marauder, Marine x3  
  168  10:42  Barracks Tech Lab x2  
  174  10:43  Barracks Tech Lab  
  174  10:46  Widow Mine x3, Medivac, Refinery x2  
  182  10:51  Medivac  
  183  10:59  Marauder  
  183  11:00  Command Center  
  183  11:01  Marine  
  183  11:02  Marine x7  
  183  11:03  Marine x2  
  195  11:07  Concussive Shells  
  195  11:19  Marine  
  195  11:25  Marine  
  165  11:34  Marine  
  157  11:44  Marine x4  
  157  11:45  Widow Mine, Medivac, Marine x3  
  157  11:46  Marauder x3  
  157  11:47  Widow Mine  
  157  11:48  Widow Mine  
  157  11:49  Medivac  
  157  11:50  Marauder  
  157  11:51  SCV  
  157  11:52  SCV x2  
  157  11:53  Marine  

Tags
 
Add a new tag
Caveats
  • Supply blocks, unpowered buildings, or Contaminate may cause inaccurate times.
  • Supply counts are checked every 10 seconds.